 Dungeon Crawl Stone Soup version 0.26-a0-597-gb535b0901c (webtiles) character file.

Game seed: 11122442930040093304

(classic levelgen) 37281 EnegeticOcto the Cleaver (level 13, 46/121 HPs)
             Began as a Deep Dwarf Fighter on Aug 28, 2020.
             Was a High Priest of Makhleb.
             Quit the game on level 1 of the Spider Nest.
             The game lasted 00:10:06 (10197 turns).

EnegeticOcto the Cleaver (Deep Dwarf Fighter)      Turns: 10197, Time: 00:10:06

Health: 46/121     AC: 24    Str: 26    XL:     13   Next: 57%
Magic:  0/0        EV: 22    Int:  6    God:    Makhleb [*****.]
Gold:   62         SH: 14    Dex: 12    Spells: 12/12 levels left

rFire    . . .     SeeInvis +   a - +3 broad axe (vorpal)
rCold    . . .     Faith    .   i - +1 kite shield
rNeg     + + .     Spirit   .   M - +3 plate armour {rN+}
rPois    +         Reflect  .   A - +0 helmet of Oblivion {rPois Regen+ Int-2 SInv}
rElec    .         Harm     .   L - scarf {+Inv}
rCorr    .                      z - +2 pair of gloves
MR       +....                  C - +0 pair of boots
Stlth    ..........             g - amulet of the acrobat
HPRegen  0.00/turn              u - ring of Ciorotuu {rN+ AC-4 Slay+3}
MPRegen  0.07/turn              o - +4 ring of protection

@: mildly poisoned (46 -> 46), acrobat, non-regenerating
A: damage resistance, heal wounds, sense surroundings 2, no regeneration
a: Heal Wounds, Minor Destruction, Lesser Servant of Makhleb, Major Destruction,
Greater Servant of Makhleb, Renounce Religion, Evoke Invisibility


You were on level 1 of the Spider Nest.
You worshipped Makhleb.
Makhleb was extremely pleased with you.
You visited 4 branches of the dungeon, and saw 17 of its levels.
You visited the Abyss 1 time.
You also visited: Ossuary and Gauntlet.

You collected 878 gold pieces.
You spent 816 gold pieces at shops.

Inventory:

Hand Weapons
 a - a +3 vorpal broad axe (weapon)
 b - a +2 war axe of flaming
 x - a +2 whip of distortion
Missiles
 E - 3 throwing nets (quivered)
Armour
 i - a +1 kite shield (worn)
 z - a +2 pair of gloves (worn)
 A - the +0 helmet of Oblivion (worn) {rPois Regen+ Int-2 SInv}
   (You bought it in a shop on level 7 of the Dungeon)

   It affects your intelligence (-2).
   It protects you from poison.
   It lets you see invisible.
   It increases your rate of regeneration.
 C - a +0 pair of boots (worn)
 G - the +1 tower shield of Zazeck {*Corrode rN++ Slay+6 Stlth+}
   (You took it off a minotaur in a Gauntlet)

   It affects your accuracy and damage with ranged weapons and melee attacks
   (+6).
   It greatly protects you from negative energy.
   It may corrode you when you take damage.
   It makes you more stealthy.
 L - a scarf of invisibility (worn)
 M - a +3 plate armour of positive energy (worn)
Jewellery
 f - an uncursed ring of protection from fire
 g - an amulet of the acrobat (around neck)
 o - a +4 ring of protection (right hand)
 u - the ring of Ciorotuu (left hand) {rN+ AC-4 Slay+3}
   (You found it in a Gauntlet)

   [ring of protection]

   It affects your AC (-4).
   It affects your accuracy and damage with ranged weapons and melee attacks
   (+3).
   It protects you from negative energy.
Wands
 y - a wand of digging (7) {@v3}
 F - a wand of iceblast (4) {@v2}
 I - a wand of paralysis (7)
 J - a wand of acid (5) {@v1}
 K - a wand of polymorph (9)
Scrolls
 c - a scroll of blinking
 h - 6 scrolls of remove curse {@r2}
 n - 2 scrolls of magic mapping {@r5}
 q - 3 scrolls of fog
 r - 8 scrolls of identify {@r1}
 v - 4 scrolls of enchant armour
 w - 2 scrolls of immolation {@r4}
 D - 3 scrolls of teleportation {@r3}
Potions
 d - 3 potions of might {@q3}
 j - 4 potions of mutation
 k - 2 potions of lignification {@q7}
 l - a potion of stabbing {@q5}
 m - a potion of flight
 p - 2 potions of heal wounds {@q2}
 s - 3 potions of haste {@q4}
 t - 6 potions of ambrosia


   Skills:
 + Level 9.6 Fighting
 * Level 14.9 Axes
 + Level 11.3 Armour
 + Level 11.4 Shields
 + Level 10.6 Invocations


You had 12 spell levels left.
You didn't know any spells.
Your spell library was empty.

Dungeon Overview and Level Annotations

Branches:
Dungeon (11/15)            Temple (1/1) D:7            Lair (4/6) D:10
 Shoals (0/4) Lair:4       Spider (1/4) Lair:4      Ossuary (visited)
Gauntlet (visited)
    Orc: D:9-12

Altars:
Ashenzari
Cheibriados
Dithmenos
Elyvilon
Fedhas
Hepliaklqana
Kikubaaqudgha
Makhleb
Nemelex Xobeh
Okawaru
Qazlal
Ru
Sif Muna
Trog
Uskayaw
Vehumet
Wu Jian
Xom
Yredelemnul
Zin
The Shining One

Shops:
D:7 :*([:=

Annotations:
D:4 1 runed translucent door, EnegeticOcto's ghost, weakling DDFi
D:6 1 runed translucent door
D:8 1 runed translucent door, melvinkitnick's ghost, novice TeAE
Lair:3 exclusion: oklob plant
Lair:4 exclusion: oklob plant


Innate Abilities, Weirdness & Mutations

You are resistant to damage.
You can heal yourself by infusing magical energy.
You passively map the area around you.
You do not regenerate.


Message History

Found 18 stones. 2 orbs of destruction come into view.
There is a web here.
You hit the orb spider.
The orb spider is moderately wounded.
A redback comes into view.
Found 2 potions of might.
The orb spider begins to weave its threads into a brightly glowing ball.
The orb spider weaves a glowing orb of energy.
An orb of destruction comes into view.
You block the orb of destruction.
The orb of destruction dissipates.
A jumping spider comes into view.
A jumping spider comes into view.
The orb spider begins to weave its threads into a brightly glowing ball.
Found 13 stones.
The jumping spider hisses angrily. x2
You slash the redback!
The redback is heavily wounded.
You hear a hideous shriek!
A jumping spider comes into view.
The redback bites you but does no damage.
The jumping spider leaps! x2
The orb spider spins a strand of pure energy.
You barely miss the redback.
The redback is heavily wounded.
The jumping spider hisses angrily.
The orb of destruction hits the jumping spider!!
The jumping spider leaps!
The redback barely misses you.
The jumping spider leaps!
A demonic crawler comes into view.
You hit the jumping spider.
The jumping spider is almost dead.
You slash the redback!
You kill the redback!
Makhleb accepts your kill.
The jumping spider leaps!
You block the jumping spider's attack.
The jumping spider bites you but does no damage.
The orb spider weaves a glowing orb of energy.
An orb of destruction comes into view.
You closely miss the jumping spider.
The jumping spider is almost dead.
The jumping spider pounces on you but does no damage.
You block the jumping spider's attack.
The jumping spider pounces on you but does no damage.
The jumping spider bites you but does no damage.
You hit the jumping spider but do no damage.
The jumping spider is almost dead.
You slash the jumping spider! You block the orb of destruction.
The orb of destruction dissipates.
The jumping spider pounces on you. You block the jumping spider's attack.
The jumping spider barely misses you.
The jumping spider bites you but does no damage.
The orb spider weaves a glowing orb of energy.
An orb of destruction comes into view.
You closely miss the jumping spider.
The jumping spider is almost dead.
You hit the jumping spider.
The jumping spider leaps! x2
The orb spider spins a strand of pure energy.
The orb spider weaves a glowing orb of energy.
An orb of destruction comes into view.
A jumping spider comes into view.
The jumping spider hisses angrily.
The jumping spider leaps!
The orbs collide in a blinding explosion!
The wavering orb of destruction hits you!!
The orb spider spins a strand of pure energy.
The jumping spider leaps!
You block the demonic crawler's attack.
The demonic crawler hits you but does no damage.
You block the demonic crawler's attack.
You hear an angry hiss.
You are too injured to fight recklessly!
You are too injured to fight recklessly!
You are too injured to fight recklessly!
You are too injured to fight recklessly!
You are too injured to fight recklessly!
You are too injured to fight recklessly!
You are too injured to fight recklessly!
You are too injured to fight recklessly!
You are too injured to fight recklessly!
You are too injured to fight recklessly!
You are too injured to fight recklessly!
You are too injured to fight recklessly!
You are too injured to fight recklessly!
You are too injured to fight recklessly!
You are too injured to fight recklessly!
You are too injured to fight recklessly!
You are too injured to fight recklessly!
You are too injured to fight recklessly!
You are too injured to fight recklessly!
You are too injured to fight recklessly!
You are too injured to fight recklessly!
You are too injured to fight recklessly!
You are too injured to fight recklessly!
You are too injured to fight recklessly!
You are too injured to fight recklessly!
You are too injured to fight recklessly!
You are too injured to fight recklessly!
You are too injured to fight recklessly!
You are too injured to fight recklessly!
Unknown command.
Are you sure you want to abandon this character and quit the game? (Confirm with "yes".)

,......,#......, ,, ,, ,
..............., , ,
.......(........., ,
.....#.#...*.......,, ,,
, ....#^.#.....s.s.s.., ,
, ,......$.....>!○..°.( ,
, #...........#°...... ,
* ..^.#........°○.#s.° ,
* ≈ .............@°.s....
,, ......^#..^...s(.....
, ,..........#s.........
, ,
,,,....^#.^††.(..s..$..#
,
,.........)....#......,,,
,, ,
...#.......#......... , ,
.......#..............* ,
, ..^.....†.............
, ..#.............##....
,


You could see a demonic crawler, 4 orb spiders and 3 jumping spiders.

Vanquished Creatures
  Snorg (Lair:3)
  Harold (D:10)
  2 hydras
  6 death yaks (Lair:4)
  A shock serpent (shapeshifter) (Gauntlet)
  An unseen horror (D:11)
  An obsidian statue (Gauntlet)
  An orb spider (shapeshifter) (Gauntlet)
  An orb spider (Spider:1)
  2 wolf spiders (Spider:1)
  A cyclops (D:11)
  A manticore (Lair:4)
  A centaur zombie (D:11)
  2 black mambas
  Joseph (D:7)
  A centaur skeleton (D:11)
  3 cane toads
  A gargoyle (D:11)
  A torpor snail (Lair:3)
  3 komodo dragons
  A rime drake (Lair:4)
  An ancient zyme (Abyss:1)
  2 demonic crawlers (Spider:1)
  A freezing wraith (D:11)
  2 trolls
  A queen bee (D:10)
  A jumping spider (Spider:1)
  3 hornets
  A polar bear (Lair:2)
  13 blink frogs
  Grinder (D:5)
  5 hippogriffs (Lair:4)
  Sigmund (D:2)
  A tarantella (Spider:1)
  2 wyverns (Lair:2)
  11 redbacks
  2 fire bats (Lair:2)
  32 yaks
  Grum (D:10)
  Menkaure (D:7)
  4 water moccasins
  Duvessa (D:6)
  2 porcupines
  3 ice beasts
  A sky beast (D:7)
  A black bear (D:11)
  6 ogres
  An eye of draining (shapeshifter) (D:11)
  A phantom (D:10)
  A necrophage (D:9)
  6 centaurs
  15 wolves
  5 crocodiles
  3 big kobolds
  Blork the orc (D:5)
  3 elf zombies (Ossuary)
  A gnoll sergeant (D:8)
  8 bullfrogs
  Dowan (D:6)
  2 scorpions
  24 killer bees (D:10)
  3 electric eels (D:10)
  2 howler monkeys
  A bullfrog zombie (D:5)
  9 hounds
  2 human zombies (Ossuary)
  A gnoll shaman (D:4)
  2 orc priests
  A bullfrog skeleton (D:5)
  3 iguanas
  4 hell rats (Lair:4)
  5 worker ants
  7 orc wizards
  A small abomination (Abyss:1)
  3 hound skeletons
  2 mummies (Ossuary)
  A worker ant zombie (D:8)
  9 adders
  8 gnolls
  2 shadow imps
  2 white imps (D:9)
  3 ufetubi
  2 oozes
  An adder skeleton (D:5)
  An adder zombie (Ossuary)
  2 worms
  3 leopard geckos
  13 orcs
  4 giant cockroaches (D:1)
  4 goblins
  4 hobgoblins
  2 jackals (D:4)
  20 kobolds
  4 quokkas
  A bat (D:2)
  4 frilled lizards
  A goblin skeleton (D:6)
  9 hobgoblin zombies (Ossuary)
  A jackal skeleton (D:8)
  11 kobold zombies (Ossuary)
  9 orc zombies (Ossuary)
  3 quokka zombies
  2 rat zombies (Ossuary)
377 creatures vanquished.

Vanquished Creatures (collateral kills)
  Aizul (Spider:1)
  A minotaur (Gauntlet)
  A demonic crawler (Spider:1)
  A jumping spider (Spider:1)
  A tarantella (Spider:1)
  A redback (Spider:1)
6 creatures vanquished.

Vanquished Creatures (others)
  A jumping spider (Spider:1)
  17 demonic plants (Gauntlet)
  A fire vortex (Lair:2)
  8 fungi
  17 plants
  2 withered plants (D:4)
46 creatures vanquished.

Grand Total: 429 creatures vanquished

Notes
Turn   | Place    | Note
-------+----------+-------------------------------------------
     0 | D:1      | EnegeticOcto the Deep Dwarf Fighter began the quest for the
                  | Orb.
     0 | D:1      | Reached XP level 1. HP: 20/20 MP: 1/1
    45 | D:1      | Reached XP level 2. HP: 24/27 MP: 2/2
   158 | D:2      | Reached skill level 3 in Axes
   203 | D:2      | Reached XP level 3. HP: 21/33 MP: 3/3
   258 | D:2      | Noticed a scorpion
   276 | D:2      | Killed a scorpion
   276 | D:2      | Reached XP level 4. HP: 33/42 MP: 4/4
   284 | D:2      | Noticed Sigmund
   328 | D:2      | Killed Sigmund
   328 | D:2      | Reached skill level 4 in Axes
   328 | D:2      | Reached XP level 5. HP: 21/49 MP: 5/5
   443 | D:3      | Found a sacrificial altar of Ru.
   484 | D:3      | Reached XP level 6. HP: 56/56 MP: 5/5
   540 | D:4      | Found a runed translucent door.
   540 | D:4      | Noticed EnegeticOcto's ghost (weakling DDFi)
   663 | D:4      | Reached skill level 5 in Axes
  1372 | D:5      | Entered Level 5 of the Dungeon
  1428 | D:5      | Reached skill level 5 in Armour
  1428 | D:5      | Reached skill level 5 in Shields
  1428 | D:5      | Reached XP level 7. HP: 40/64 MP: 5/5
  1483 | D:5      | Reached skill level 6 in Axes
  1677 | D:5      | Noticed Grinder
  1684 | D:5      | Noticed Blork the orc
  1693 | D:5      | Killed Blork the orc
  1701 | D:5      | Killed Grinder
  1738 | D:5      | Reached XP level 8. HP: 62/73 MP: 6/6
  1822 | D:5      | Found a sand-covered staircase.
  1826 | Ossuary  | Entered an ossuary
  1894 | Ossuary  | Reached skill level 7 in Axes
  2063 | D:5      | Reached skill level 5 in Fighting
  2452 | D:6      | Noticed Dowan
  2459 | D:6      | Noticed Duvessa
  2462 | D:6      | Found a bloodstained altar of Trog.
  2473 | D:6      | Killed Dowan
  2486 | D:6      | Killed Duvessa
  2486 | D:6      | Reached skill level 8 in Axes
  2662 | D:6      | Found a shimmering blue altar of Sif Muna.
  2681 | D:6      | Found a runed translucent door.
  2731 | D:6      | Found a basalt altar of Yredelemnul.
  2834 | D:7      | Noticed Menkaure
  2839 | D:7      | Gained mutation: You passively map the area around you.
                  | [Deep Dwarf growth]
  2839 | D:7      | Reached XP level 9. HP: 57/81 MP: 6/6
  2845 | D:7      | Killed Menkaure
  2852 | D:7      | Found Zuczemetz's Antique Armour Boutique.
  2856 | D:7      | Found a glowing silver altar of Zin.
  2860 | D:7      | Bought a faintly glowing helmet for 218 gold pieces
  2870 | D:7      | Identified the cursed +0 helmet of Oblivion {rPois Regen+
                  | Int-2 SInv} (You bought it in a shop on level 7 of the
                  | Dungeon)
  2932 | D:7      | Found a staircase to the Ecumenical Temple.
  3011 | D:7      | Noticed Joseph
  3030 | D:7      | Killed Joseph
  3030 | D:7      | Reached skill level 9 in Axes
  3075 | Temple   | Entered the Ecumenical Temple
  3274 | D:7      | Found Boneu's Antique Weapon Emporium.
  3338 | D:7      | Found an ancient bone altar of Kikubaaqudgha.
  3338 | D:7      | Found a burning altar of Makhleb.
  3373 | D:7      | Became a worshipper of Makhleb the Destroyer
  3442 | D:7      | Found Lipniug's General Store.
  3594 | D:7      | Found Hepur's Book Emporium.
  3622 | D:7      | Found Rinkuer's Jewellery Emporium.
  3836 | D:7      | Found Joda's Book Emporium.
  4076 | D:8      | Reached skill level 1 in Invocations
  4397 | D:8      | Found a runed translucent door.
  4397 | D:8      | Noticed melvinkitnick's ghost (novice TeAE)
  4710 | D:9      | Reached skill level 10 in Axes
  4728 | D:9      | Reached XP level 10. HP: 76/92 MP: 6/6
  4847 | D:9      | Reached * piety under Makhleb
  4886 | D:9      | Found a sparkling altar of Nemelex Xobeh.
  4906 | D:9      | Cast into level 1 of the Abyss (gnoll)
  4946 | Abyss:1  | Noticed a wretched star
  4950 | D:9      | Escaped the Abyss
  5046 | D:9      | Found a stormy altar of Qazlal.
  5110 | D:10     | Entered Level 10 of the Dungeon
  5166 | D:10     | Found a staircase to the Lair.
  5221 | D:10     | Reached ** piety under Makhleb
  5301 | D:10     | Reached skill level 11 in Axes
  5316 | D:10     | Reached skill level 5 in Invocations
  5448 | D:10     | Noticed Grum
  5480 | D:10     | Killed Grum
  5810 | D:10     | Noticed Harold
  5826 | D:10     | Killed Harold
  5826 | D:10     | Reached XP level 11. HP: 59/100 MP: 7/7
  5984 | D:11     | Noticed a deep elf mage
  5984 | D:11     | Noticed an unseen horror
  6146 | D:11     | Reached *** piety under Makhleb
  6320 | D:11     | Found a gate leading to a gauntlet.
  6330 | Gauntlet | Entered a Gauntlet
  6330 | Gauntlet | Found a transporter.
  6330 | Gauntlet | Found a transporter.
  6335 | Gauntlet | Found a transporter.
  6335 | Gauntlet | Found a transporter.
  6349 | Gauntlet | Found a transporter.
  6356 | Gauntlet | Noticed a five-headed hydra
  6359 | Gauntlet | Found a transporter.
  6369 | Gauntlet | Found a transporter.
  6369 | Gauntlet | Found a transporter.
  6369 | Gauntlet | Noticed an obsidian statue
  6370 | Gauntlet | Noticed a large abomination
  6372 | Gauntlet | Found a transporter.
  6380 | Gauntlet | Found a transporter.
  6380 | Gauntlet | Noticed an orange crystal statue
  6405 | Gauntlet | Found a transporter.
  6432 | Gauntlet | Reached skill level 12 in Axes
  6446 | Gauntlet | Found a transporter.
  6448 | Gauntlet | Found a large runed translucent door.
  6449 | Gauntlet | Found a large runed translucent door.
  6450 | Gauntlet | Found a large runed translucent door.
  6450 | Gauntlet | Found a large runed translucent door.
  6450 | Gauntlet | Found a runed translucent door.
  6450 | Gauntlet | Found a runed translucent door.
  6451 | Gauntlet | Found a large runed translucent door.
  6452 | Gauntlet | Found a large runed translucent door.
  6453 | Gauntlet | Found a large runed translucent door.
  6453 | Gauntlet | Found a large runed translucent door.
  6466 | Gauntlet | Found a large runed translucent door.
  6466 | Gauntlet | Found a large runed translucent door.
  6466 | Gauntlet | Found a large runed translucent door.
  6466 | Gauntlet | Found a large runed translucent door.
  6467 | Gauntlet | Found a large runed translucent door.
  6467 | Gauntlet | Found a large runed translucent door.
  6468 | Gauntlet | Found a large runed translucent door.
  6468 | Gauntlet | Found a large runed translucent door.
  6472 | Gauntlet | Noticed a shock serpent
  6472 | Gauntlet | Found a runed translucent gate.
  6472 | Gauntlet | Found a runed translucent gate.
  6472 | Gauntlet | Found a runed translucent gate.
  6473 | Gauntlet | Found a transporter.
  6473 | Gauntlet | Noticed an ice dragon
  6476 | Gauntlet | Noticed a wolf spider
  6476 | Gauntlet | an ice dragon changed into a wolf spider
  6477 | Gauntlet | Noticed an ice dragon
  6477 | Gauntlet | a wolf spider changed into an ice dragon
  6486 | Gauntlet | Noticed an eight-headed hydra
  6486 | Gauntlet | an ice dragon changed into an eight-headed hydra
  6487 | Gauntlet | Noticed a storm dragon
  6487 | Gauntlet | a nine-headed hydra changed into a storm dragon
  6488 | Gauntlet | Noticed an entropy weaver
  6488 | Gauntlet | a storm dragon changed into an entropy weaver
  6489 | Gauntlet | Noticed a queen ant
  6489 | Gauntlet | an entropy weaver changed into a queen ant
  6490 | Gauntlet | Noticed a satyr
  6490 | Gauntlet | a queen ant changed into a satyr
  6490 | Gauntlet | Noticed an orb spider
  6490 | Gauntlet | a shapeshifter changed into an orb spider
  6493 | Gauntlet | a satyr changed into an eye of devastation
  6496 | Gauntlet | Noticed a shock serpent
  6496 | Gauntlet | an eye of devastation changed into a shock serpent
  6497 | Gauntlet | Noticed a swamp dragon
  6497 | Gauntlet | a shock serpent changed into a swamp dragon
  6498 | Gauntlet | Killed an orb spider
  6506 | Gauntlet | Noticed a shock serpent
  6506 | Gauntlet | a swamp dragon changed into a shock serpent
  6510 | Gauntlet | Noticed a shining eye
  6510 | Gauntlet | a shock serpent changed into a shining eye
  6513 | Gauntlet | Killed a shock serpent
  6529 | Gauntlet | Found a transporter.
  6533 | Gauntlet | a shining eye changed into a water nymph
  6564 | Gauntlet | Killed an obsidian statue
  6572 | Gauntlet | Got a glittering platinum ring
  6575 | Gauntlet | Identified the cursed ring of Ciorotuu {rN+ AC-4 Slay+3}
                  | (You found it in a Gauntlet)
  6581 | Gauntlet | Identified the +1 tower shield of Zazeck {*Corrode rN++
                  | Slay+6 Stlth+}
  6581 | Gauntlet | Noticed a minotaur
  6612 | Gauntlet | Killed a minotaur
  6673 | D:11     | Killed an unseen horror
  6808 | Lair:1   | Entered Level 1 of the Lair of Beasts
  6911 | Lair:1   | Noticed a four-headed hydra
  6921 | Lair:1   | Killed a two-headed hydra
  6921 | Lair:1   | Reached XP level 12. HP: 83/110 MP: 2/2
  7058 | Lair:2   | Reached skill level 13 in Axes
  7133 | Lair:2   | Reached skill level 10 in Shields
  7137 | Lair:2   | Reached skill level 10 in Armour
  7804 | Lair:3   | Noticed Snorg
  7827 | Lair:3   | Killed Snorg
  7977 | Lair:3   | Reached **** piety under Makhleb
  7993 | Lair:3   | Noticed a six-headed hydra
  8006 | Lair:3   | Killed a nine-headed hydra
  8740 | Lair:4   | Reached skill level 14 in Axes
  8853 | Lair:4   | Found a hole to the Spider Nest.
  8984 | Lair:4   | Reached XP level 13. HP: 121/121 MP: 4/4
  9068 | Lair:4   | Reached skill level 10 in Invocations
  9072 | Lair:4   | Reached ***** piety under Makhleb
  9248 | Lair:4   | Found a staircase to the Shoals.
  9872 | D:7      | Bought a glowing plate armour for 598 gold pieces
 10113 | Spider:1 | Entered Level 1 of the Spider Nest
 10116 | Spider:1 | Noticed Aizul
 10139 | Spider:1 | Killed Aizul
 10197 | Spider:1 | Quit the game

Illustrated notes

Levels and vault maps discovered:
D:1:      dpeg_arrival_solitude, layout_basic, st_stairs_1
D:2:      layout_loops_corners, serial_forest, infiniplex_forest_straight_5,
          infiniplex_forest_clump_double, infiniplex_forest_clump_long,
          infiniplex_forest_clump_small, infiniplex_forest_split,
          infiniplex_forest_straight_4, infiniplex_forest_clump_medium,
          guppyfry_early_lair_pool, uniq_sigmund
D:3:      layout_loops_ring, lemuel_round_altar,
          nicolae_ru_great_annihilating_truth, uniq_ijyb
D:4:      layout_basic, gammafunk_ghost_grave
D:5:      layout_basic, nicolae_ossuary_entry_false_entrances,
          uniq_blork_the_orc, uniq_grinder
D:6:      layout_gridville, overflow_temple_1_default, old_standard_altar,
          dk_yredelemnul_ordeal, uniq_duvessa
D:7:      layout_loops_ring, overflow_temple_1_default,
          amethyst_overflow_temple_binary, minmay_temple_entry_overgrown,
          serial_shops, nicolae_shop_statue_plus, shop,
          nicolae_shop_statue_plus, nicolae_shop_statue_plus, shop,
          kennysheep_small_square, uniq_menkaure, uniq_joseph
D:8:      layout_cave_pods, hellmonk_ghost_happy_afterlife
D:9:      lemuel_upstairs_altar, layout_rooms, nicolae_qazlal_style_of_elements,
          kennysheep_mini_moat, kennysheep_generic_room_5
D:10:     layout_basic, erik_lair_island, special_room [special_room_bee],
          uniq_grum, uniq_harold
D:11:     minmay_ambush_box, layout_irregular_city, gauntlet_entry_generic,
          kennysheep_big_empty_room, hangedman_pestilent_swarm
Temple:   dshaligram_water_room_temple
Lair:1:   layout_chaotic_city, wad_woods_road_03
Lair:2:   layout_gridlike, serial_bayou_shore_b
Lair:3:   layout_layer_cave, uniq_snorg
Lair:4:   layout_long_grid, minmay_shoals_entry_beasts, spider_nest_entry_webs,
          lemuel_fruit_fields
Spider:1: layout_spider_delve, uniq_aizul, uniq_agnes

Skill      XL: |  1  2  3  4  5  6  7  8  9 10 11 12 13 |
---------------+----------------------------------------+-----
Axes           | 3 4 5 6 8 10 11 12 14 | 14.9
Fighting       | 3 4 5 6 7 8 9 |  9.6
Armour         | 4 5 6 7 8 9 10 11 | 11.3
Shields        | 4 5 6 7 8 9 10 11 | 11.4
Invocations    | 3 5 7 9 10 | 10.6

Action                   |  1- 3 |  4- 6 |  7- 9 | 10-12 | 13-15 || total
-------------------------+-------+-------+-------+-------+-------++-------
Melee: War axe           |    63 |   156 |   388 |   496 |       ||  1103
       Broad axe         |       |       |       |   211 |   134 ||   345
Invok: Lesser Servant of |       |       |       |     6 |     1 ||     7
       Greater Servant o |       |       |       |       |     1 ||     1
 Abil: Heal Wounds       |     1 |     7 |    11 |    38 |     9 ||    66
Evoke: Wand              |       |       |       |    16 |       ||    16
  Use: Scroll            |       |     5 |     8 |     9 |     1 ||    23
       Potion            |       |       |       |     1 |     3 ||     4
 Stab: Invisible         |       |     1 |       |       |       ||     1
       Paralysed         |       |     1 |       |       |       ||     1
       Distracted        |       |       |       |       |     1 ||     1
Armor: Scale mail        |    23 |    50 |   120 |       |       ||   193
       Plate armour      |       |       |    60 |   638 |   153 ||   851
Dodge: Dodged            |    18 |    45 |   113 |   252 |    72 ||   500
Block: Kite shield       |    35 |    79 |   258 |   565 |   137 ||  1074
       Tower shield      |       |       |       |   213 |       ||   213

Table legend: (Time is in decaauts)
 A = Elapsed time spent in this place.
 B = Non-inter-level travel time spent in this place.
 C = Inter-level travel time spent in this place.
 D = Time resting spent in this place.
 E = Time spent auto-exploring this place.
 F = Levels seen in this place.
 G = Mean time per level.
                   A        B        C        D        E       F      G
               +--------+--------+--------+--------+--------+-----+--------+
         Total |  10326 |   9358 |    968 |      0 |   6598 |  20 |  516.3 |
       Dungeon |   6492 |   5925 |    567 |      0 |   4122 |  11 |  590.2 |
        Temple |    132 |    110 |     22 |      0 |    109 |   1 |  132.0 |
          Lair |   3066 |   2688 |    378 |      0 |   2190 |   4 |  766.5 |
   Spider Nest |     78 |     78 |      0 |      0 |      0 |   1 |   78.0 |
         Abyss |     43 |     43 |      0 |      0 |     12 |   1 |   43.0 |
       Ossuary |    196 |    196 |      0 |      0 |     92 |   1 |  196.0 |
      Gauntlet |    316 |    316 |      0 |      0 |     73 |   1 |  316.0 |
               +--------+--------+--------+--------+--------+-----+--------+

Top non-repeatable levels by time:
  Lair:3: 1001 daAuts
     D:7: 996 daAuts
    D:10: 958 daAuts
  Lair:4: 946 daAuts
     D:4: 856 daAuts
     D:8: 849 daAuts
     D:5: 838 daAuts
  Lair:2: 837 daAuts
    D:11: 477 daAuts
     D:6: 467 daAuts
     D:9: 458 daAuts
Gauntlet: 316 daAuts
     D:2: 297 daAuts
  Lair:1: 281 daAuts
     D:3: 199 daAuts
